[Event "FIDE WCCC Girls-10 2024"]
[Site "Montesilvano"]
[Date "2024.11.23"]
[Round "8.31"]
[White "Gastaldo, Agathe"]
[Black "Babii, Oriiana"]
[Result "1-0"]
[Annotator "NA RC"]
[ECO "B76"]
[WhiteElo "1589"]
[BlackElo "1481"]
[PlyCount "51"]
[EventDate "2024.11.18"]
[EventType "swiss"]
[EventCountry "ITA"]
[SourceTitle "playchess.com"]
[Source "ChessBase"]
[SourceQuality "1"]
[TimeControl "5400+30"]

1. e4 c5 2. Nf3 d6 3. d4 cxd4 4. Nxd4 Nf6 5. Nc3 g6 6. Be3 Bg7 7. f3 O-O 8. Qd2 Nc6 9. O-O-O d5 10. Bh6 Nxd4 11. Bxg7 Nxf3 12. gxf3 Kxg7 13. e5 Nd7 14. Qxd5 Qc7 15. f4 Nb6 16. Qd4 Bf5 17. Bd3 Rad8 18. Qe3 Bxd3 19. Rxd3 Rc8 20. h4 e6 21. h5 Nc4 22. Qg1 f5 23. hxg6 hxg6 24. Qh2 Rh8 25. Rh3 Qb6 26. Rh7+ 1-0

[Event "FIDE WCCC Girls-10 2024"]
[Site "Montesilvano"]
[Date "2024.11.23"]
[Round "8.32"]
[White "Sobirova, Mumtozbegim"]
[Black "Giss, Annika"]
[Result "1-0"]
[Annotator "NA RC"]
[ECO "B34"]
[WhiteElo "1476"]
[BlackElo "1586"]
[PlyCount "43"]
[EventDate "2024.11.18"]
[EventType "swiss"]
[EventCountry "ITA"]
[SourceTitle "playchess.com"]
[Source "ChessBase"]
[SourceQuality "1"]
[TimeControl "5400+30"]

1. e4 c5 2. Nf3 Nc6 3. d4 cxd4 4. Nxd4 g6 5. Nc3 Bg7 6. Be3 Nf6 7. Nxc6 bxc6 8. e5 Ng8 9. Bd4 c5 10. Bxc5 Bxe5 11. Qd5 Bxc3+ 12. bxc3 Rb8 13. Qe5 Nf6 14. Qxb8 O-O 15. Qxa7 d6 16. Bb6 Qe8 17. Be3 Qc6 18. c4 e5 19. Qb6 Qd7 20. Rd1 Rd8 21. c5 Ne8 22. cxd6 1-0

[Event "FIDE WCCC Girls-10 2024"]
[Site "Montesilvano"]
[Date "2024.11.23"]
[Round "8.33"]
[White "Macchia-Shahar, Yali"]
[Black "Vitsiuk, Aleksandra"]
[Result "1-0"]
[Annotator "NA RC"]
[ECO "C99"]
[WhiteElo "1564"]
[BlackElo "1476"]
[PlyCount "113"]
[EventDate "2024.11.18"]
[EventType "swiss"]
[EventCountry "ITA"]
[SourceTitle "playchess.com"]
[Source "ChessBase"]
[SourceQuality "1"]
[TimeControl "5400+30"]

1. e4 e5 2. Nf3 Nc6 3. Bb5 a6 4. Ba4 Nf6 5. O-O Be7 6. Re1 b5 7. Bb3 d6 8. c3 O-O 9. h3 Na5 10. Bc2 c5 11. d4 Qc7 12. Nbd2 cxd4 13. cxd4 Bd7 14. Nf1 Nc6 15. Be3 Rfc8 16. Rc1 Qb7 17. Ng3 Rc7 18. a3 Rac8 19. Qd2 exd4 20. Bh6 Ne5 21. Qg5 Ng6 22. Nf5 Bxf5 23. exf5 gxh6 24. Qxh6 Rxc2 25. fxg6 fxg6 26. Rxc2 Rxc2 27. Nxd4 Rxb2 28. Ne6 Nh5 29. Ng5 Bf8 30. Re8 Qg7 31. Rxf8+ Kxf8 32. Ne6+ Kf7 33. Nxg7 Nxg7 34. Qf4+ Kg8 35. Qxd6 Rb1+ 36. Kh2 Nf5 37. Qxa6 Rb2 38. Qc8+ Kf7 39. Qc7+ Ne7 40. Qb6 Ra2 41. Qxb5 Rxa3 42. Qb4 Ra8 43. Qd4 Rf8 44. Qf4+ Kg8 45. Qe5 Nf5 46. g4 Ng7 47. f4 Ne8 48. f5 gxf5 49. gxf5 Nf6 50. Kg3 Nh5+ 51. Kg4 Ng7 52. f6 Ne8 53. Qe6+ Kh8 54. f7 Ng7 55. Qf6 h5+ 56. Kg5 Kh7 57. Qh6# 1-0

[Event "FIDE WCCC Girls-10 2024"]
[Site "Montesilvano"]
[Date "2024.11.23"]
[Round "8.34"]
[White "Minasyan, Arina"]
[Black "Foong, Livia"]
[Result "0-1"]
[Annotator "NA RC"]
[ECO "D35"]
[WhiteElo "1545"]
[BlackElo "1461"]
[PlyCount "120"]
[EventDate "2024.11.18"]
[EventType "swiss"]
[EventCountry "ITA"]
[SourceTitle "playchess.com"]
[Source "ChessBase"]
[SourceQuality "1"]
[TimeControl "5400+30"]

1. d4 e6 2. c4 d5 3. Nf3 Nf6 4. Nc3 c5 5. cxd5 exd5 6. Bf4 Be6 7. Bc1 Bc8 8. Bf4 Be6 9. e3 Be7 10. dxc5 Bxc5 11. Bd3 O-O 12. O-O Nc6 13. Ne5 Nxe5 14. Bxe5 Bd6 15. Bxd6 Qxd6 16. h3 Rfd8 17. Nb5 Qb4 18. Nd4 Qxb2 19. Rb1 Qxa2 20. Rxb7 Qa3 21. Nc6 Rd7 22. Qb1 Re8 23. Rb8 h6 24. Rxe8+ Nxe8 25. Qb8 Kf8 26. Ne5 Rc7 27. Rb1 Qc3 28. Qb4+ Qxb4 29. Rxb4 Nd6 30. Kf1 f6 31. Rb8+ Rc8 32. Ng6+ Kf7 33. Nh8+ Kg8 34. Rxc8+ Bxc8 35. Ng6 a5 36. Nf4 Bb7 37. g3 a4 38. Bc2 a3 39. Bb3 Nb5 40. Ne2 Kf8 41. Ke1 Ke7 42. Kd2 Kd6 43. Kc2 Kc5 44. Ba2 d4 45. exd4+ Nxd4+ 46. Nxd4 Kxd4 47. Kd2 Bd5 48. Bxd5 Kxd5 49. Kc3 Ke4 50. Kc2 Kf3 51. Kb3 Kxf2 52. Kxa3 Kxg3 53. Kb3 Kxh3 54. Kc3 g5 55. Kd3 g4 56. Ke3 g3 57. Kf3 Kh2 58. Kg4 g2 59. Kh4 g1=Q 60. Kh5 Qg5# 0-1

[Event "FIDE WCCC Girls-10 2024"]
[Site "Montesilvano"]
[Date "2024.11.23"]
[Round "8.35"]
[White "Li, Grace"]
[Black "Aragonda, Sahasra"]
[Result "1/2-1/2"]
[Annotator "NA RC"]
[ECO "B02"]
[WhiteElo "1529"]
[BlackElo "1526"]
[PlyCount "58"]
[EventDate "2024.11.18"]
[EventType "swiss"]
[EventCountry "ITA"]
[SourceTitle "playchess.com"]
[Source "ChessBase"]
[SourceQuality "1"]
[TimeControl "5400+30"]

1. e4 Nf6 2. Nc3 d5 3. e5 d4 4. exf6 dxc3 5. Be2 cxd2+ 6. Bxd2 exf6 7. Bc3 Qxd1+ 8. Rxd1 Bd6 9. Nf3 O-O 10. O-O Bg4 11. h3 Be6 12. Rfe1 Nd7 13. Nd4 Nb6 14. Nxe6 fxe6 15. Bf3 e5 16. Bxb7 Rab8 17. Bc6 Rfd8 18. a4 Nd7 19. b3 Kh8 20. Rd2 Rb6 21. Bf3 Nc5 22. a5 Rbb8 23. Ra1 Re8 24. Bc6 Re7 25. Rad1 Na6 26. Bb2 Nb4 27. Ba4 h6 28. Ba3 e4 29. Rd4 Bc5 1/2-1/2

[Event "FIDE WCCC Girls-10 2024"]
[Site "Montesilvano"]
[Date "2024.11.23"]
[Round "8.36"]
[White "Khelfallah, Ikhlas"]
[Black "Abibulla, Inzhu"]
[Result "0-1"]
[Annotator "NA RC"]
[ECO "B08"]
[WhiteElo "1449"]
[BlackElo "1499"]
[PlyCount "100"]
[EventDate "2024.11.18"]
[EventType "swiss"]
[EventCountry "ITA"]
[SourceTitle "playchess.com"]
[Source "ChessBase"]
[SourceQuality "1"]
[TimeControl "5400+30"]

1. e4 d6 2. d4 Nf6 3. Nc3 g6 4. Nf3 Bg7 5. Be2 O-O 6. O-O Bg4 7. h3 Bxf3 8. Bxf3 e5 9. Bg5 exd4 10. Qxd4 Nc6 11. Qd2 Qd7 12. Bh6 Rad8 13. Rad1 Rfe8 14. Rfe1 a6 15. a4 Ne5 16. Be2 Nc6 17. Bf1 Nb4 18. Bxg7 Kxg7 19. Qc1 Nc6 20. Bc4 Ne5 21. Ba2 b5 22. axb5 axb5 23. Nd5 Nxd5 24. Bxd5 c6 25. Bb3 Qe7 26. Qf4 c5 27. Bd5 Rf8 28. Qg3 b4 29. f4 Nd7 30. e5 dxe5 31. fxe5 Nb6 32. Bf3 Rxd1 33. Rxd1 Nc4 34. Re1 Nxb2 35. e6 fxe6 36. Bd5 Qf6 37. Rxe6 Qd4+ 38. Kh2 Qxd5 39. Rd6 Qf5 40. Rd1 Qf4 41. Qxf4 Rxf4 42. Rd7+ Rf7 43. Rd5 c4 44. Rb5 Rf2 45. Rxb4 Rxc2 46. Rb7+ Kh6 47. Kg3 c3 48. Rb3 Nd1 49. Kh4 Rxg2 50. Rxc3 g5# 0-1

[Event "FIDE WCCC Girls-10 2024"]
[Site "Montesilvano"]
[Date "2024.11.23"]
[Round "8.39"]
[White "Serradell Munoz, Silvia"]
[Black "Muradli, Sabira"]
[Result "1-0"]
[Annotator "NA RC"]
[ECO "C47"]
[WhiteElo "1670"]
[BlackElo "1430"]
[PlyCount "165"]
[EventDate "2024.11.18"]
[EventType "swiss"]
[EventCountry "ITA"]
[SourceTitle "playchess.com"]
[Source "ChessBase"]
[SourceQuality "1"]
[TimeControl "5400+30"]

1. e4 e5 2. Nf3 Nc6 3. Nc3 Nf6 4. g3 Bb4 5. Bg2 O-O 6. O-O Bxc3 7. bxc3 Nxe4 8. Nxe5 Nxe5 9. Bxe4 d5 10. Bg2 Re8 11. d4 Nc4 12. Re1 Be6 13. Bf1 Qf6 14. Bf4 Nd6 15. Rb1 b6 16. Bb5 Nxb5 17. Rxb5 c6 18. Rb1 Bh3 19. Qh5 Qf5 20. Qxf5 Bxf5 21. Rbc1 Rxe1+ 22. Rxe1 Bxc2 23. Re7 Bf5 24. Rc7 h6 25. Rxc6 Be4 26. Rc7 Bf3 27. Re7 Bg4 28. Kg2 Be6 29. Kf3 Bf5 30. Rc7 Bd3 31. Rb7 Bc4 32. a3 Ba6 33. Rb8+ Rxb8 34. Bxb8 Bc4 35. Bxa7 b5 36. Kf4 f6 37. Bc5 Kf7 38. f3 g5+ 39. Kg4 Kg6 40. h4 Bf1 41. h5+ Kf7 42. Kf5 Bd3+ 43. Kg4 Ke6 44. Kh3 Kf7 45. Bd6 Bf1+ 46. Kh2 Be2 47. Kg2 g4 48. f4 f5 49. Kf2 Bc4 50. Ke3 Kg7 51. Kd2 Kh7 52. Bf8 Bb3 53. Kc1 Ba2 54. Kc2 Bc4 55. Kb2 Bd3 56. Kb3 Bc4+ 57. Kb4 Kg8 58. Bxh6 Kh7 59. Bg5 Kg7 60. Kc5 Kh7 61. Kd6 Kg7 62. Ke6 Kh7 63. Kxf5 Be2 64. Ke6 Bf3 65. Ke7 Be4 66. Ke6 Kg7 67. h6+ Kg6 68. Ke7 Bf5 69. Kd6 Be4 70. Kc5 Bd3 71. Kxd5 Bc4+ 72. Ke5 Kh7 73. d5 b4 74. cxb4 Bd3 75. d6 Bf5 76. b5 Bd7 77. b6 Bc6 78. b7 Bxb7 79. d7 Bc8 80. dxc8=Q Kg6 81. Qe8+ Kh7 82. Qf7+ Kh8 83. Bf6# 1-0

[Event "FIDE WCCC Girls-10 2024"]
[Site "Montesilvano"]
[Date "2024.11.23"]
[Round "8.40"]
[White "Song, Rina"]
[Black "Camacho Chavez, Nirvana"]
[Result "1-0"]
[Annotator "NA RC"]
[ECO "B13"]
[WhiteElo "1599"]
[BlackElo "1638"]
[PlyCount "131"]
[EventDate "2024.11.18"]
[EventType "swiss"]
[EventCountry "ITA"]
[SourceTitle "playchess.com"]
[Source "ChessBase"]
[SourceQuality "1"]
[TimeControl "5400+30"]

1. e4 c6 2. d4 d5 3. exd5 cxd5 4. Bd3 Nc6 5. c3 Qc7 6. h3 Nf6 7. Ne2 g6 8. Qc2 Bg7 9. Bf4 e5 10. dxe5 Nxe5 11. O-O O-O 12. Nd2 Re8 13. Nd4 Qb6 14. Rfe1 Nfd7 15. N2f3 Nxf3+ 16. Nxf3 Rf8 17. Qd2 Nf6 18. Be3 Qd8 19. Bh6 b6 20. Nd4 Bb7 21. Bxg7 Kxg7 22. Qg5 Kh8 23. Qh6 Ng8 24. Qf4 Qf6 25. Qxf6+ Nxf6 26. Re7 Rab8 27. Nb5 a6 28. Nd6 Bc6 29. Nxf7+ Kg8 30. Nh6+ Kh8 31. Rae1 a5 32. Rc7 Rbc8 33. Rxc8 Rxc8 34. Nf7+ Kg7 35. Nd6 Rd8 36. Re6 Nh5 37. Nf5+ gxf5 38. Rxc6 d4 39. cxd4 Rxd4 40. Bxf5 b5 41. Rc7+ Kf6 42. Rxh7 Ng7 43. Bg4 Rd2 44. Rh6+ Ke5 45. Rg6 Nf5 46. Rg5 Rxb2 47. Rxf5+ Kd4 48. Bf3 a4 49. Bd5 Kc3 50. Rf3+ Kd4 51. Bg8 b4 52. h4 b3 53. axb3 a3 54. b4 a2 55. Bxa2 Rxa2 56. h5 Rb2 57. h6 Ra2 58. h7 Ra8 59. Rh3 Rh8 60. b5 Kc5 61. Rh5+ Kb6 62. f4 Kb7 63. f5 Kb6 64. f6 Rxh7 65. Rxh7 Kxb5 66. Rc7 1-0

[Event "FIDE WCCC Girls-10 2024"]
[Site "Montesilvano"]
[Date "2024.11.23"]
[Round "8.44"]
[White "Kovacikova, Simona"]
[Black "Kocherha, Yelizavieta"]
[Result "1-0"]
[Annotator "NA RC"]
[ECO "B13"]
[WhiteElo "1412"]
[BlackElo "1523"]
[PlyCount "79"]
[EventDate "2024.11.18"]
[EventType "swiss"]
[EventCountry "ITA"]
[SourceTitle "playchess.com"]
[Source "ChessBase"]
[SourceQuality "1"]
[TimeControl "5400+30"]

1. e4 c6 2. d4 d5 3. exd5 cxd5 4. Bd3 Nc6 5. c3 Nf6 6. h3 g6 7. Nf3 Bg7 8. O-O O-O 9. Re1 Bf5 10. Be2 Rc8 11. Be3 Qb6 12. b3 Rfe8 13. Nbd2 e5 14. dxe5 Nxe5 15. Bxb6 Nxf3+ 16. Bxf3 Rxe1+ 17. Qxe1 axb6 18. c4 dxc4 19. Nxc4 Nd7 20. Rd1 b5 21. Ne3 Be6 22. Nd5 Bxd5 23. Bxd5 Nf6 24. Bxb7 Re8 25. Qb4 h5 26. Qxb5 Kh7 27. Bd5 Re5 28. Qb7 Nxd5 29. Rxd5 Re1+ 30. Kh2 Be5+ 31. Rxe5 Rxe5 32. Qxf7+ Kh6 33. Qf4+ Rg5 34. h4 Kh7 35. Qxg5 Kh8 36. Qe7 g5 37. b4 g4 38. b5 g3+ 39. Kxg3 Kg8 40. b6 1-0

[Event "FIDE WCCC Girls-10 2024"]
[Site "Montesilvano"]
[Date "2024.11.23"]
[Round "8.48"]
[White "Deviatkova, Diana"]
[Black "Damaso Tacoronte, Carolina"]
[Result "1/2-1/2"]
[Annotator "NA RC"]
[ECO "C01"]
[WhiteElo "1503"]
[BlackElo "1875"]
[PlyCount "54"]
[EventDate "2024.11.18"]
[EventType "swiss"]
[EventCountry "ITA"]
[SourceTitle "playchess.com"]
[Source "ChessBase"]
[SourceQuality "1"]
[TimeControl "5400+30"]

1. e4 e6 2. d4 d5 3. exd5 exd5 4. Nc3 Bb4 5. Bd2 Nc6 6. Bb5 Nge7 7. a3 Ba5 8. h3 O-O 9. Nf3 a6 10. Ba4 Re8 11. O-O Nf5 12. Bg5 f6 13. Bf4 Bxc3 14. bxc3 Bd7 15. Bb3 Be6 16. Re1 Qd7 17. Qd2 Bf7 18. Ba4 b5 19. Bb3 Rac8 20. a4 Na5 21. axb5 Nxb3 22. cxb3 axb5 23. Rec1 c6 24. b4 Nd6 25. Ra2 Nc4 26. Qd1 Qf5 27. Bg3 Qe4 1/2-1/2

[Event "FIDE WCCC Girls-10 2024"]
[Site "Montesilvano"]
[Date "2024.11.24"]
[Round "9.1"]
[White "Sholpanbek, Zhansaya"]
[Black "Tselmuun, Ider"]
[Result "0-1"]
[Annotator "NA RC"]
[ECO "B31"]
[WhiteElo "1657"]
[BlackElo "1846"]
[PlyCount "114"]
[EventDate "2024.11.18"]
[EventType "swiss"]
[EventCountry "ITA"]
[SourceTitle "playchess.com"]
[Source "ChessBase"]
[SourceQuality "1"]
[TimeControl "5400+30"]

1. e4 c5 2. Nf3 Nc6 3. Bb5 g6 4. Bxc6 dxc6 5. O-O Bg7 6. d3 Nf6 7. h3 Nd7 8. Nc3 O-O 9. a4 e5 10. Re1 Re8 11. Nd2 Nf8 12. Nc4 Ne6 13. a5 Qc7 14. Na4 Rb8 15. Bd2 Qe7 16. Rb1 Qc7 17. Bc3 f6 18. Qd2 Bf8 19. Kh1 Rd8 20. Qe3 Bd7 21. Ra1 Be8 22. Qf3 Be7 23. Qg3 Bf7 24. b3 Nd4 25. Ne3 b5 26. axb6 axb6 27. Nb2 Ra8 28. Bxd4 cxd4 29. Nf5 Bb4 30. Reb1 Rxa1 31. Rxa1 Bc3 32. Ra2 Bxb2 33. Rxb2 Qa7 34. Rb1 Qa2 35. Rf1 Qa3 36. f4 exf4 37. Nh6+ Kg7 38. Qxf4 Qd6 39. Qxd6 Rxd6 40. Nxf7 Kxf7 41. e5 Re6 42. Rxf6+ Rxf6 43. exf6 Kxf6 44. Kh2 g5 45. Kg3 h5 46. h4 Kf5 47. hxg5 Kxg5 48. Kf3 h4 49. Kf2 Kf4 50. Kg1 Ke3 51. Kh2 Kd2 52. Kh3 Kxc2 53. Kxh4 Kxd3 54. g4 Ke4 55. g5 d3 56. g6 d2 57. g7 d1=Q 0-1

[Event "FIDE WCCC Girls-10 2024"]
[Site "Montesilvano"]
[Date "2024.11.24"]
[Round "9.2"]
[White "Berikkyzy Alanna"]
[Black "Nguyen Doan, Bao Anh Angelina"]
[Result "1/2-1/2"]
[Annotator "NA RC"]
[ECO "B41"]
[WhiteElo "2043"]
[BlackElo "1628"]
[PlyCount "126"]
[EventDate "2024.11.18"]
[EventType "swiss"]
[EventCountry "ITA"]
[SourceTitle "playchess.com"]
[Source "ChessBase"]
[SourceQuality "1"]
[TimeControl "5400+30"]

1. e4 c5 2. Nf3 e6 3. d4 cxd4 4. Nxd4 a6 5. c4 Nf6 6. Nc3 Bb4 7. Qd3 O-O 8. Be2 Nc6 9. O-O Bxc3 10. bxc3 d5 11. cxd5 exd5 12. exd5 Ne5 13. Qg3 Qxd5 14. Rd1 Ng6 15. c4 Qe5 16. Qxe5 Nxe5 17. f4 Ned7 18. Bf3 Re8 19. Rb1 Nc5 20. Ba3 Nce4 21. Rb3 h5 22. h3 h4 23. Re3 Bd7 24. Bxe4 Rxe4 25. Rxe4 Nxe4 26. Nf3 Bc6 27. Nxh4 Nc3 28. Rd2 Re8 29. Rf2 Re1+ 30. Kh2 Re4 31. Bd6 Rxc4 32. Rb2 b5 33. Nf5 Ne4 34. Bb8 f6 35. h4 g6 36. Ne3 Rc3 37. Ng4 Kf7 38. Ba7 Bd5 39. Ne3 Be6 40. Rb4 f5 41. a4 Rc7 42. Bb8 Rb7 43. Be5 Ke7 44. axb5 axb5 45. g4 Nf2 46. gxf5 gxf5 47. Bc3 Ne4 48. Bb2 Kd7 49. Nc2 Bc4 50. Na3 Nd6 51. Be5 Rb6 52. Bxd6 Rxd6 53. Nxc4 bxc4 54. Rxc4 Rd2+ 55. Kg3 Rd3+ 56. Kg2 Rd2+ 57. Kf3 Rd3+ 58. Ke2 Rh3 59. Ra4 Rxh4 60. Ke3 Rh1 61. Kd3 Re1 62. Ra7+ Ke6 63. Ra6+ Kf7 1/2-1/2

[Event "FIDE WCCC Girls-10 2024"]
[Site "Montesilvano"]
[Date "2024.11.24"]
[Round "9.3"]
[White "Yang, Aimee"]
[Black "Pooja Shree R"]
[Result "1-0"]
[Annotator "NA RC"]
[ECO "A45"]
[WhiteElo "1864"]
[BlackElo "1615"]
[PlyCount "71"]
[EventDate "2024.11.18"]
[EventType "swiss"]
[EventCountry "ITA"]
[SourceTitle "playchess.com"]
[Source "ChessBase"]
[SourceQuality "1"]
[TimeControl "5400+30"]

1. d4 Nf6 2. Bf4 g6 3. Nc3 d5 4. e3 Bg7 5. h4 O-O 6. h5 c6 7. hxg6 fxg6 8. Nf3 Bg4 9. Be2 Nh5 10. Bh2 Nd7 11. Ng5 Bxe2 12. Nxe2 c5 13. Ne6 Qa5+ 14. c3 cxd4 15. N2xd4 Rf7 16. Ng5 Rff8 17. Nb3 Qb5 18. Ne6 Ne5 19. Bxe5 Bxe5 20. Nxf8 Rxf8 21. Qe2 Qb6 22. O-O-O e6 23. Rh4 Bf6 24. Rh3 a5 25. Nd4 e5 26. Qb5 Qd6 27. Nf5 gxf5 28. Rxh5 d4 29. Rxf5 Qc7 30. Qd5+ Kh8 31. exd4 exd4 32. Qxa5 Qc8 33. Rxf6 Rxf6 34. Qe5 Kg7 35. Rxd4 Kg6 36. f3 1-0

[Event "FIDE WCCC Girls-10 2024"]
[Site "Montesilvano"]
[Date "2024.11.24"]
[Round "9.4"]
[White "Filippova, Milana"]
[Black "Nandinjiguur, Chinzorig"]
[Result "1-0"]
[Annotator "NA RC"]
[ECO "C77"]
[WhiteElo "1687"]
[BlackElo "1807"]
[PlyCount "113"]
[EventDate "2024.11.18"]
[EventType "swiss"]
[EventCountry "ITA"]
[SourceTitle "playchess.com"]
[Source "ChessBase"]
[SourceQuality "1"]
[TimeControl "5400+30"]

1. e4 e5 2. Nf3 Nc6 3. Bb5 a6 4. Ba4 Nf6 5. d4 b5 6. dxe5 bxa4 7. exf6 Qxf6 8. O-O Be7 9. Nc3 O-O 10. Nd5 Qg6 11. Nxc7 Ra7 12. Nd5 Bc5 13. Re1 Re8 14. Nh4 Qe6 15. Be3 Bxe3 16. Rxe3 Ne5 17. Nf5 g6 18. Nd4 Qd6 19. b3 Bb7 20. c4 Bxd5 21. exd5 Qf6 22. Qe2 Raa8 23. Re1 d6 24. Nc6 axb3 25. axb3 Rec8 26. Nxe5 dxe5 27. Rxe5 Rcb8 28. Re3 Qd6 29. Qf3 a5 30. Re7 Rf8 31. Qg3 Qb4 32. d6 Rad8 33. Rd1 a4 34. bxa4 Qxc4 35. Qa3 Ra8 36. a5 Qb5 37. Ra1 Rfb8 38. h3 Rd8 39. Qf3 Qc4 40. d7 Rf8 41. Qxa8 Rxa8 42. Re8+ Kg7 43. Rxa8 Qd4 44. d8=Q Qxa1+ 45. Kh2 Qe5+ 46. g3 Qf5 47. Qd4+ Kh6 48. Qf4+ Qxf4 49. gxf4 g5 50. a6 gxf4 51. Rg8 f5 52. a7 f3 53. a8=Q f4 54. Qc6+ Kh5 55. Qxf3+ Kh6 56. Qxf4+ Kh5 57. Qg5# 1-0

[Event "FIDE WCCC Girls-10 2024"]
[Site "Montesilvano"]
[Date "2024.11.24"]
[Round "9.5"]
[White "Bakhshi, Rana"]
[Black "Anistoroaei, Maria"]
[Result "0-1"]
[Annotator "NA RC"]
[ECO "D52"]
[WhiteElo "1727"]
[BlackElo "1715"]
[PlyCount "96"]
[EventDate "2024.11.18"]
[EventType "swiss"]
[EventCountry "ITA"]
[SourceTitle "playchess.com"]
[Source "ChessBase"]
[SourceQuality "1"]
[TimeControl "5400+30"]

1. d4 d5 2. c4 c6 3. Nf3 Nf6 4. Nc3 e6 5. Bg5 Bd6 6. e3 Nbd7 7. Qc2 O-O 8. Bd3 Qc7 9. h3 dxc4 10. Bxc4 a6 11. e4 e5 12. dxe5 Nxe5 13. Bb3 Nfd7 14. Be3 b5 15. Nh4 Bc5 16. Nf5 Bxe3 17. Nxe3 Nc5 18. O-O a5 19. a4 b4 20. Ne2 Nxb3 21. Qxb3 Be6 22. Qc2 Rad8 23. Ng3 Rd3 24. Nef5 Rfd8 25. f4 Rd2 26. Qc5 Ng6 27. Nh5 Bxf5 28. exf5 Nh4 29. Rf2 R2d5 30. Qc1 Nxf5 31. g4 Nd4 32. f5 Qa7 33. Kg2 f6 34. Qf4 Qf7 35. Rg1 Re5 36. Kh2 Ne2 37. Qf3 Nxg1 38. Kxg1 Re1+ 39. Kh2 Qd5 40. Qxd5+ Rxd5 41. Nf4 Rde5 42. Nd3 R5e2 43. Rxe2 Rxe2+ 44. Kg1 Rd2 45. Nc5 Rxb2 46. Nb7 b3 47. Nxa5 Rb1+ 48. Kf2 b2 0-1

[Event "FIDE WCCC Girls-10 2024"]
[Site "Montesilvano"]
[Date "2024.11.24"]
[Round "9.6"]
[White "Peng, Jingyi(Gd)"]
[Black "Kuvandikova, Nafisa"]
[Result "1-0"]
[Annotator "NA RC"]
[ECO "E91"]
[WhiteElo "1720"]
[BlackElo "1512"]
[PlyCount "53"]
[EventDate "2024.11.18"]
[EventType "swiss"]
[EventCountry "ITA"]
[SourceTitle "playchess.com"]
[Source "ChessBase"]
[SourceQuality "1"]
[TimeControl "5400+30"]

1. Nf3 Nf6 2. c4 g6 3. Nc3 Bg7 4. e4 d6 5. d4 O-O 6. Be2 e6 7. O-O b6 8. d5 e5 9. Rb1 h6 10. b4 Nh5 11. c5 f5 12. Ba3 f4 13. cxd6 cxd6 14. Nd2 Nf6 15. Nc4 Qe7 16. b5 Rd8 17. Rc1 Ne8 18. Bg4 Bxg4 19. Qxg4 Qf7 20. Qe6 Qxe6 21. dxe6 Kf8 22. Nd5 Kg8 23. e7 Rd7 24. Nxd6 Nxd6 25. Bxd6 Kf7 26. Rc8 Ke6 27. e8=Q+ 1-0

[Event "FIDE WCCC Girls-10 2024"]
[Site "Montesilvano"]
[Date "2024.11.24"]
[Round "9.7"]
[White "Mukhorina, Mariya Dm"]
[Black "Cetin, Beren"]
[Result "1-0"]
[Annotator "NA RC"]
[ECO "B89"]
[WhiteElo "1567"]
[BlackElo "1658"]
[PlyCount "79"]
[EventDate "2024.11.18"]
[EventType "swiss"]
[EventCountry "ITA"]
[SourceTitle "playchess.com"]
[Source "ChessBase"]
[SourceQuality "1"]
[TimeControl "5400+30"]

1. e4 c5 2. Nf3 Nc6 3. d4 cxd4 4. Nxd4 Nf6 5. Nc3 d6 6. Bc4 e6 7. Be3 Be7 8. Qe2 a6 9. O-O-O Qc7 10. Bb3 O-O 11. g4 b5 12. g5 Ne8 13. f4 Bb7 14. Rhg1 Nxd4 15. Bxd4 e5 16. Bf2 exf4 17. h4 b4 18. Na4 Kh8 19. h5 f6 20. g6 h6 21. Bd4 d5 22. exd5 Bd6 23. Qf2 Be5 24. Bb6 Qb8 25. Bc5 Nd6 26. Rge1 Qc7 27. Bb6 Qc8 28. Bd4 Bxd4 29. Rxd4 Qf5 30. Rxf4 Qxh5 31. Nc5 Rae8 32. Ne6 Rg8 33. Qg2 a5 34. Rh1 Qe5 35. Qh2 Rxe6 36. Qd2 Re7 37. Re4 Qg5 38. Qxg5 fxg5 39. Rxe7 a4 40. Rxh6+ 1-0

[Event "FIDE WCCC Girls-10 2024"]
[Site "Montesilvano"]
[Date "2024.11.24"]
[Round "9.8"]
[White "Zhumambayeva Aliya"]
[Black "Zhang, Weiai"]
[Result "1-0"]
[Annotator "NA RC"]
[ECO "B52"]
[WhiteElo "1607"]
[BlackElo "1488"]
[PlyCount "101"]
[EventDate "2024.11.18"]
[EventType "swiss"]
[EventCountry "ITA"]
[SourceTitle "playchess.com"]
[Source "ChessBase"]
[SourceQuality "1"]
[TimeControl "5400+30"]

1. e4 c5 2. Nf3 d6 3. Bb5+ Bd7 4. Bxd7+ Qxd7 5. c4 g6 6. Nc3 Bg7 7. d4 cxd4 8. Nxd4 Nf6 9. f3 O-O 10. Be3 Rc8 11. Qd3 Nc6 12. b3 Rd8 13. O-O Rac8 14. Rac1 Ne5 15. Qe2 e6 16. Rfd1 Qe7 17. Rc2 Rd7 18. Bg5 Rcd8 19. Rcd2 Nc6 20. Nxc6 bxc6 21. Rd3 Qf8 22. Qd2 h6 23. Bh4 e5 24. Bxf6 Bxf6 25. Kh1 Bg5 26. Qf2 Qe7 27. g3 Bf6 28. Qd2 Bg7 29. Na4 Bf8 30. Nc5 Rc7 31. Na6 Rb7 32. c5 Rbd7 33. Nb4 Qe6 34. Nxc6 Rc8 35. Nb4 Rxc5 36. Nd5 Kg7 37. Rc3 Rxc3 38. Qxc3 f5 39. Rf1 fxe4 40. fxe4 Rf7 41. Rxf7+ Qxf7 42. Kg2 Qd7 43. h3 Be7 44. b4 Bd8 45. Qb3 Qb5 46. Qc2 a5 47. a4 Qb7 48. b5 Qb8 49. Qc6 Kf8 50. b6 Bg5 51. b7 1-0

[Event "FIDE WCCC Girls-10 2024"]
[Site "Montesilvano"]
[Date "2024.11.24"]
[Round "9.9"]
[White "Meng, Miranda"]
[Black "Khusnitdinova, Husnorakhon"]
[Result "0-1"]
[Annotator "NA RC"]
[ECO "D02"]
[WhiteElo "1675"]
[BlackElo "1626"]
[PlyCount "152"]
[EventDate "2024.11.18"]
[EventType "swiss"]
[EventCountry "ITA"]
[SourceTitle "playchess.com"]
[Source "ChessBase"]
[SourceQuality "1"]
[TimeControl "5400+30"]

1. d4 Nf6 2. Nf3 d5 3. Bf4 c5 4. c3 Nc6 5. e3 Qb6 6. Qb3 c4 7. Qc2 Bf5 8. Qc1 e6 9. Nbd2 h6 10. h3 Be7 11. Be2 O-O 12. O-O Rac8 13. Re1 Qd8 14. Bd1 Bd6 15. Bxd6 Qxd6 16. Bc2 Bxc2 17. Qxc2 b5 18. a4 b4 19. e4 Nd7 20. Nf1 Rb8 21. N3d2 Rb7 22. exd5 exd5 23. Re2 Nf6 24. Ng3 Rfb8 25. Nf3 bxc3 26. bxc3 Rb3 27. Ne5 Qc7 28. Nf5 Nxe5 29. Rxe5 Qb7 30. Qd2 Kh7 31. Qf4 Rb1+ 32. Rxb1 Qxb1+ 33. Kh2 Rb6 34. Ne3 Rd6 35. Re7 Ra6 36. Rxf7 Qg6 37. Rb7 Rxa4 38. Qf5 Ra3 39. Qxg6+ Kxg6 40. g4 Ra2 41. Nf5 Ne4 42. Rxg7+ Kf6 43. Kg1 Nxc3 44. Rh7 Ne2+ 45. Kh2 c3 46. Rxh6+ Kg5 47. Rc6 c2 48. Ne3 c1=Q 49. Rxc1 Nxc1 50. Nxd5 Kh4 51. Kg2 Nd3 52. Ne3 Rxf2+ 53. Kg1 Kxh3 54. d5 Ra2 55. d6 Ra1+ 56. Nf1 Rd1 57. g5 Ne5 58. Kf2 Rxd6 59. Ke3 Ng4+ 60. Kf4 Kg2 61. Kxg4 Kxf1 62. Kf5 a5 63. g6 Rxg6 64. Kxg6 a4 65. Kf5 a3 66. Ke5 a2 67. Kf5 a1=Q 68. Kg5 Qd4 69. Kf5 Qe3 70. Kg4 Qf2 71. Kg5 Qf7 72. Kg4 Qf6 73. Kg3 Qf5 74. Kh4 Qg6 75. Kh3 Qg5 76. Kh2 Qg2# 0-1